 Dungeon Crawl Stone Soup version 0.32-a0-918-g0f22ef8d61 (webtiles) character file.

Game seed: 9699056532990052889

3173 Gargoyl the Cleaver (level 9, -7/84 HPs)
             Began as a Gargoyle Berserker on Apr 10, 2024.
             Was a Priest of Trog.
             Mangled by an orc warlord
             ... wielding a +3 executioner's axe
              (14 damage)
             ... in a bailey.
             The game lasted 00:08:52 (6920 turns).

Gargoyl the Cleaver (Gargoyle Berserker)            Turns: 6920, Time: 00:08:53

Health: -7/84      AC: 15    Str: 21    XL:     9   Next: 94%
Magic:  9/9        EV: 15    Int:  8    God:    Trog [***...]
Gold:   117        SH:  0    Dex: 13    Spells: 8/8 levels left

rFire   . . .        k - +0 war axe (venom)
rCold   . . .        (no shield)
rNeg    + . .        c - +1 scale mail
rPois   ∞            (no helmet)
rElec   +            (no cloak)
rCorr   .            (no gloves)
SInv    .            (no boots)
Will    ++...        (no amulet) Stlth
                     g - ring of flight
HPRegen 1.34/turn    f - +5 ring of evasion
MPRegen 0.11/turn

%: no passive effects
@: berserking (expiring), strong-willed (expiring), flying, regenerating
(expiring), very quick
A: sickness immunity, AC +6, negative energy resistance 1, electricity
resistance, torment resistance 1, petrification resistance
a: Renounce Religion, Berserk, Trog's Hand


You were in a bailey.
You worshipped Trog.
Trog was most pleased with you.
You visited 1 branch of the dungeon, and saw 7 of its levels.
You also visited: Bailey.

You collected 257 gold pieces.
You spent 140 gold pieces at shops.

Inventory:

Hand Weapons
 a - a +0 hand axe of electrocution
 k - a +0 war axe of venom (weapon)
 p - a +2 flail of holy wrath
Armour
 c - a +1 scale mail (worn)
Jewellery
 f - a +5 ring of evasion (right hand)
 g - a ring of flight (left hand)
 m - an amulet of guardian spirit
Wands
 h - a wand of polymorph (9)
 o - a wand of quicksilver (5)
Scrolls
 b - 2 scrolls of teleportation
 n - a scroll of enchant armour
 q - a scroll of poison
 r - a scroll of fog {unknown}
 s - a scroll of identify
 t - a scroll of fear
 u - a scroll of blinking {unknown}
 v - 2 scrolls of butterflies {unknown}
 x - a scroll of revelation
Potions
 d - a potion of curing
 e - 2 potions of might
 i - a potion of haste
 j - 3 potions of cancellation
 l - 9 potions of heal wounds
 w - a potion of mutation {unknown}


   Skills:
 + Level 6.7 Fighting
 + Level 8.7 Axes
 + Level 8.0 Armour
 + Level 4.0 Dodging
 + Level 2.7 Stealth


You had 8 spell levels left.
You didn't know any spells.
Your spell library was empty.

Dungeon Overview and Level Annotations

Branches:
Dungeon (7/15)             Temple (0/1) D:4          Bailey (1/1)

Altars:
Gozag
Makhleb
Qazlal
Vehumet
Yredelemnul
The Shining One

Shops:
D:4 [   D:5 !


Innate Abilities, Weirdness & Mutations

You are immune to sickness and miasma.
Your stone body is resilient. (AC +6)
You are immune to poison.
You resist negative energy. (rN+)
You are resistant to electric shocks. (rElec)
You are resistant to unholy torment.
You are immune to petrification.


Message History

You feel strong-willed.
A red film seems to cover your vision as you go berserk!
You feel yourself moving faster!
You feel mighty! The hobgoblin misses you. The orc hits you with a +0 hand axe.
You slash the hobgoblin!
You kill the hobgoblin!
Trog accepts your kill.
You hit the orc. The orc closely misses you.
You slash the orc warlord!
The orc warlord is lightly wounded.
You slash the orc!
You kill the orc!
Trog accepts your kill.
The orc warlord hits you with a +3 executioner's axe!!
Unknown command.
You hit the orc warlord but do no damage.
The orc warlord is lightly wounded.
You barely miss the orc warlord.
The orc warlord is lightly wounded.
The orc warlord hits you with a +3 executioner's axe!!
Unknown command.
You barely miss the orc warlord.
The orc warlord is lightly wounded.
The orc warlord hits you with a +3 executioner's axe.
Unknown command.
You hit the orc warlord.
The orc warlord is poisoned.
The orc warlord is lightly wounded.
You feel the effects of Trog's Hand fading.
The orc warlord hits you with a +3 executioner's axe!!
* * * LOW HITPOINT WARNING * * *
Unknown command.
You slash the orc warlord!
The orc warlord looks as sick as possible!
The orc warlord is moderately wounded.
Unknown command.
You hit the orc warlord.
The orc warlord looks as sick as possible!
The orc warlord is moderately wounded.
The orc warlord hits you with a +3 executioner's axe!
You die...

#...........#..........
#...........#..........
###.........###.......))
###.#'#.....###.###.....#'
###...).###.###....
###.###.
##.....))).###......
###...
#..........ß##...... #....
#..........ß#....... #....
#∩....⌠.....@o...... #....
#..........ß#)...... #....
#..........ß##...... #....
##.........###......
###... ###.....###.###....
###.###.
###.#'#.....###.###.....#+
###)).......###.........
#...........#..........
#...........#..........


You could see an orc warlord (extremely poisoned).

Vanquished Creatures
  The ghost of Drangen the Shooter, a novice CoHu of Okawaru (D:5)
  Grinder (D:5)
  Eustachio (D:4)
  Menkaure (D:5)
  Edmund (D:5)
  A water moccasin (D:5)
  7 orc warriors (Bailey)
  2 black bears (D:5)
  An ogre (D:6)
  A centaur (D:5)
  A bullfrog (D:7)
  2 scorpions
  3 wights (D:6)
  2 jellies
  A bombardier beetle (D:5)
  A centaur zombie (D:5)
  A bullfrog skeleton (D:5)
  3 hounds
  A gnoll bouda (D:7)
  5 iguanas
  A sleepcap (D:5)
  2 orc wizards
  A scorpion zombie (D:3)
  A killer bee zombie (D:5)
  A howler monkey zombie (D:5)
  11 gnolls
  6 adders
  2 shadow imps
  2 ufetubi (D:6)
  2 adder skeletons (D:3)
  An adder zombie (D:3)
  4 dart slugs
  A ribbon worm (D:3)
  20 orcs
  4 bats
  9 endoplasms
  3 giant cockroaches
  14 goblins
  11 hobgoblins
  7 quokkas
  7 ball pythons
  A ball python skeleton (D:3)
  4 frilled lizards
  A kobold (D:4)
  5 rats
158 creatures vanquished.

Notes
Turn   | Place    | Note
-------+----------+-------------------------------------------
     0 | D:1      | Gargoyl the Gargoyle Berserker began the quest for the Orb.
     0 | D:1      | Reached XP level 1. HP: 14/14 MP: 1/1
   222 | D:1      | Reached XP level 2. HP: 16/19 MP: 2/2
   913 | D:2      | Reached XP level 3. HP: 23/24 MP: 3/3
  1029 | D:2      | Reached ** piety under Trog
  1352 | D:3      | Reached XP level 4. HP: 27/29 MP: 4/4
  1728 | D:3      | Found a glowing golden altar of the Shining One.
  1730 | D:3      | Found a burning altar of Makhleb.
  1938 | D:3      | Reached XP level 5. HP: 30/33 MP: 5/5
  1976 | D:3      | Reached skill level 1 in Stealth
  2338 | D:4      | Found an opulent altar of Gozag.
  2669 | D:4      | Noticed Eustachio
  2719 | D:4      | Killed Eustachio
  2720 | D:4      | Reached XP level 6. HP: 22/39 MP: 6/6
  2818 | D:4      | Found a staircase to the Ecumenical Temple.
  3078 | D:4      | Reached XP level 7. HP: 44/44 MP: 7/7
  3093 | D:4      | Found Ureetios's Armour Boutique.
  3291 | D:4      | Reached skill level 5 in Axes
  3360 | D:5      | Entered Level 5 of the Dungeon
  3400 | D:5      | Reached skill level 5 in Armour
  3517 | D:5      | Reached XP level 8. HP: 38/48 MP: 8/8
  3561 | D:5      | Noticed Grinder
  3573 | D:5      | Killed Grinder
  3574 | D:5      | Reached skill level 5 in Fighting
  3679 | D:5      | Noticed Menkaure
  3694 | D:5      | Killed Menkaure
  4056 | D:5      | Found Fidwa's Distillery.
  4065 | D:5      | Bought 2 potions of heal wounds for 140 gold pieces
  4319 | D:5      | Found a runed translucent gate.
  4328 | D:5      | Found a runed translucent gate.
  4328 | D:5      | Found a runed translucent gate.
  4493 | D:5      | Noticed Edmund
  4502 | D:5      | Killed Edmund
  4721 | D:5      | Noticed Drangen's ghost (novice CoHu)
  4821 | D:5      | Killed Drangen's ghost
  4822 | D:5      | Reached XP level 9. HP: 55/55 MP: 9/9
  6166 | D:7      | Found a stormy altar of Qazlal.
  6168 | D:7      | Found a radiant altar of Vehumet.
  6170 | D:7      | Found a basalt altar of Yredelemnul.
  6437 | D:7      | Found a flagged portal.
  6446 | Bailey   | Entered a bailey
  6533 | Bailey   | Reached *** piety under Trog
  6908 | Bailey   | Noticed an orc warlord
  6920 | Bailey   | Mangled by an orc warlord

Illustrated notes

Levels and vault maps discovered:
D:1:      minmay_arrival_solitary_statue, layout_loops_ring
D:2:      layout_basic, serial_curves, eino_curves_04, eino_curves_01,
          dreamdust_mushroom_princess, minmay_door_square
D:3:      layout_loops_corners, mainiacjoe_overflow_divided_tiny, serial_undead,
          serial_undead_a, serial_undead_d, serial_undead_c, serial_undead_b,
          minmay_misc_feat_room
D:4:      kennysheep_spiral_hall, layout_basic, nicolae_gozag_seed_capital,
          minmay_temple_entry_ruins, serial_shops, shop, kennysheep_dice,
          uniq_eustachio
D:5:      layout_gridville, serial_shops, shop, gammafunk_ghost_necromancy,
          corexii_hall_statues_u, minmay_gold_behind_fungi, uniq_edmund,
          uniq_menkaure, uniq_grinder
D:6:      layout_layer_cave
D:7:      layout_basic, grunt_temple_overflow_open, enter_bailey_2,
          minmay_a_box_with_orc_wizards_in_it
Bailey:   bailey_axe_minmay_hex_keep, bailey

Skill      XL: |  1  2  3  4  5  6  7  8  9 |
---------------+----------------------------+-----
Axes           | 3 4 5 7 8 |  8.7
Dodging        | 2 3 4 |  4.0
Armour         | 3 4 5 7 8 |  8.0
Fighting       | 4 5 6 |  6.7
Stealth        | 1 2 |  2.7

Action                     |  1- 3 |  4- 6 |  7- 9 || total
---------------------------+-------+-------+-------++-------
  Melee: Hand axe          |   104 |   129 |   154 ||   387
         War axe           |       |       |   105 ||   105
 Invoke: Berserk           |       |     4 |     7 ||    11
         Trog's Hand       |       |     3 |     3 ||     6
    Use: Scroll            |     9 |     6 |     5 ||    20
         Potion            |       |     5 |       ||     5
 Armour: Animal skin       |    14 |       |       ||    14
         Scale mail        |    77 |   204 |   165 ||   446
  Dodge: Dodged            |    59 |   144 |   243 ||   446

Table legend: (Time is in decaauts)
 A = Elapsed time spent in this place.
 B = Non-inter-level travel time spent in this place.
 C = Inter-level travel time spent in this place.
 D = Time resting spent in this place.
 E = Time spent auto-exploring this place.
 F = Levels seen in this place.
 G = Mean time per level.
                   A        B        C        D        E       F      G
               +--------+--------+--------+--------+--------+-----+--------+
         Total |   7026 |   6856 |    170 |    414 |   5018 |   8 |  878.2 |
       Dungeon |   6548 |   6378 |    170 |    347 |   4740 |   7 |  935.4 |
        Bailey |    477 |    477 |      0 |     67 |    278 |   1 |  477.0 |
               +--------+--------+--------+--------+--------+-----+--------+

Top non-repeatable levels by time:
     D:5: 1539 daAuts
     D:6: 1050 daAuts
     D:4: 1050 daAuts
     D:3: 1023 daAuts
     D:1: 740 daAuts
     D:2: 595 daAuts
     D:7: 549 daAuts
  Bailey: 477 daAuts
